 Dungeon Crawl Stone Soup version 0.31-a0-705-ga145531891 (webtiles) character file.

Game seed: 5115468961478794066

86056 porpoise the Slicer (level 15, -40/82 HPs)
             Began as a Vine Stalker Brigand on Sept 9, 2023.
             Was a Follower of Uskayaw.
             Annihilated by a white very ugly thing (41 damage)
             ... in an ice cave.
             The game lasted 01:35:58 (21773 turns).

porpoise the Slicer (Vine Stalker Brigand)         Turns: 21773, Time: 01:35:58

Health: -40/82     AC: 14    Str: 14    XL:     15   Next: 85%
Magic:  0/25       EV: 20    Int: 15    God:    Uskayaw [*.....]
Gold:   1514       SH:  0    Dex: 23    Spells: 14/14 levels left

rFire   . . .        a - +6 rapier (speed)
rCold   . . .        (no shield)
rNeg    . . .        X - +3 ring mail
rPois   .            w - +1 helmet of the Onion {rElec Int+4}
rElec   +            (no cloak)
rCorr   .            l - +0 pair of gloves
SInv    +            J - +0 pair of boots "Woiruili" {SInv}
Will    +....        p - amulet of regeneration
Stlth   +++++        f - +5 ring of evasion
HPRegen 1.93/turn    O - +4 ring of slaying
MPRegen 0.19/turn

%: guardian spirit
@: studying Staves
A: fangs 3, regeneration 1, magic shield, antimagic bite, no potion heal 2
a: Renounce Religion, Stomp


You were in an ice cave.
You worshipped Uskayaw.
Uskayaw was pleased with you.
You visited 3 branches of the dungeon, and saw 21 of its levels.
You also visited: Gauntlet and Ice Cave.

You collected 1514 gold pieces.

Inventory:

Hand Weapons
 a - a +6 rapier of speed (weapon)
 b - a +2 sling of draining
 y - a +3 great sword of holy wrath
 Z - a +3 scimitar of flaming
Missiles
 e - 7 curare-tipped darts
 h - 8 javelins (quivered)
 V - 2 throwing nets
Armour
 l - a +0 pair of gloves (worn)
 w - the +1 helmet of the Onion (worn) {rElec Int+4}
   (You found it in a Gauntlet)

   Int+4:     It affects your intelligence (+4).
   rElec:     It insulates you from electricity.
 B - the +1 cloak of Starlight {*Dazzle EV+4 Stlth--}
   (You found it on level 4 of the Dungeon)

   *Dazzle:   It may blind those who miss an attack against the wearer in melee
   combat.
   EV+4:      It affects your evasion (+4).
   Stlth--:   It makes you much less stealthy.
 J - the +0 pair of boots "Woiruili" (worn) {SInv}
   (You found it in a Gauntlet)

   SInv:      It lets you see invisible.
 P - a scarf of resistance
 U - a +2 kite shield
 X - a +3 ring mail (worn)
Magical Staves
 v - a staff of cold
Jewellery
 f - a +5 ring of evasion (left hand)
 p - an amulet of regeneration (around neck)
 r - a ring of positive energy
 O - a +4 ring of slaying (right hand)
 Y - an amulet of the acrobat
Wands
 g - a wand of flame (30)
 t - a wand of roots (14)
 z - a wand of paralysis (8)
 E - a wand of mindburst (8)
 W - a wand of light (15)
Scrolls
 c - 2 scrolls of blinking
 k - 11 scrolls of teleportation
 q - 4 scrolls of poison
 s - 4 scrolls of silence
 A - a scroll of enchant armour
 C - 2 scrolls of vulnerability
 D - 2 scrolls of butterflies
 I - 2 scrolls of identify
 M - a scroll of amnesia
 N - 2 scrolls of fear
 R - 3 scrolls of enchant weapon
 T - 2 scrolls of fog
Potions
 j - a potion of resistance
 m - a potion of might
 n - 6 potions of curing
 o - 3 potions of magic
 x - a potion of ambrosia
 F - 6 potions of enlightenment
 G - 4 potions of cancellation
 H - 2 potions of lignification
 K - 2 potions of brilliance
 Q - a potion of mutation
 S - a potion of attraction
Miscellaneous
 u - a phantom mirror


   Skills:
 + Level 11.0 Fighting
 - Level 13.4(14.0) Short Blades
 - Level 6.1(10.6) Long Blades
 - Level 1.7 Throwing
 - Level 7.0 Armour
 - Level 7.0 Dodging
 + Level 11.6 Stealth
 + Level 13.2 Invocations
 - Level 5.0 Evocations


You had 14 spell levels left.
You didn't know any spells.
Your spell library contained the following spells:

 Spells                   Type           Power      Damage    Failure   Level
 Apportation              Tloc           0%         N/A       45%         1
 Magic Dart               Conj           0%         1d3       45%         1
 Necrotise                Necr           0%         1d4       45%         1
 Slow                     Hex            0%         N/A       45%         1
 Summon Small Mammal      Summ           0%         N/A       45%         1
 Call Imp                 Summ           0%         N/A       58%         2
 Cigotuvi's Dreadful Rot  Necr/Pois/Air  0%         N/A       58%         2
 Jinxbite                 Hex            0%         N/A       58%         2
 Lesser Beckoning         Tloc           0%         N/A       58%         2
 Poisonous Vapours        Pois/Air       0%         N/A       58%         2
 Scorch                   Fire           0%         2d5       58%         2
 Call Canine Familiar     Summ           0%         N/A       83%         3
 Confusing Touch          Hex            0%         N/A       83%         3
 Dazzling Flash           Conj/Hex       0%         N/A       83%         3
 Gell's Gravitas          Tloc           0%         N/A       83%         3
 Inner Flame              Hex/Fire       0%         N/A       83%         3
 Mephitic Cloud           Conj/Pois/Air  0%         N/A       83%         3
 Sigil of Binding         Hex            0%         N/A       83%         3
 Summon Guardian Golem    Hex/Summ       0%         N/A       83%         3
 Teleport Other           Tloc           0%         N/A       83%         3
 Tukima's Dance           Hex            0%         N/A       83%         3
 Vampiric Draining        Necr           0%         2d6       83%         3
 Volatile Blastmotes      Fire/Tloc      0%         2d10      83%         3
 Dispel Undead            Necr           0%         3d6       99%         4
 Flame Wave               Conj/Fire      0%         2d4       99%         4
 Passage of Golubria      Tloc           0%         N/A       99%         4
 Sticky Flame             Conj/Fire      0%         2d3       99%         4
 Alistair's Intoxication  Tmut/Pois      0%         N/A       100%        5
 Freezing Cloud           Conj/Ice/Air   0%         6-21      100%        5
 Silence                  Hex/Air        0%         N/A       100%        5
 Yara's Violent Unravell  Hex/Tmut       0%         3d3       100%        5
 Death Channel            Necr           0%         N/A       100%        6
 Starburst                Conj/Fire      0%         6d3       100%        6
 Summon Cactus Giant      Summ           0%         N/A       100%        6
 Lehudib's Crystal Spear  Conj/Erth      0%         10d2      100%        8
 Maxwell's Capacitive Co  Air            0%         ∞         100%        8


Dungeon Overview and Level Annotations

Branches:
Dungeon (15/15)            Temple (1/1) D:7            Lair (5/5) D:10
 Shoals (0/4) Lair:2        Snake (0/4) Lair:3        Slime (0/5) Lair:4
    Orc (0/2) D:10         Vaults (0/5) D:13          IceCv (1/1)
Gauntlet (visited)
 Depths: D:15

Altars:
Ashenzari
Cheibriados
Dithmenos
Elyvilon
Fedhas
Gozag
Hepliaklqana
Kikubaaqudgha
Makhleb
Nemelex Xobeh
Okawaru
Qazlal
Ru
Sif Muna
Trog
Uskayaw
Vehumet
Wu Jian
Xom
Yredelemnul
Zin
The Shining One
Jiyva

Shops:
D:1 !   D:8 :   D:12 (

Annotations:
D:13 2 transporters, Wurlitzer's ghost, journeyman DrFE
Lair:4 3 runed translucent doors, arvidsem's ghost, journeyman MiFi


Innate Abilities, Weirdness & Mutations

You have razor-sharp teeth.
Your natural rate of healing is unusually fast.
When hurt, damage is shared between your health and your magic reserves.
Your bite disrupts and absorbs the magic of your enemies.
Potions cannot restore your health.


Message History

You start removing your armour.
You continue taking off the +1 cloak of Starlight {*Dazzle EV+4 Stlth--}. x2
Magic restored.
The white very ugly thing gurgles horribly!
You continue taking off the +1 cloak of Starlight {*Dazzle EV+4 Stlth--}.
The alligator simulacrum bites you! The alligator simulacrum freezes you!!
The alligator simulacrum tail-slaps you but does no damage.
You continue taking off the +1 cloak of Starlight {*Dazzle EV+4 Stlth--}.
The lindwurm simulacrum completely misses you. x2
The lindwurm simulacrum barely misses you.
The alligator simulacrum barely misses you.
The alligator simulacrum misses you.
You finish taking off the +1 cloak of Starlight {*Dazzle EV+4 Stlth--}.
The alligator simulacrum barely misses you.
The alligator simulacrum tail-slaps you but does no damage.
You start putting on your armour.
You continue putting on your scarf of resistance.
The lindwurm simulacrum closely misses you.
The lindwurm simulacrum claws you but does no damage. x2
The alligator simulacrum bites you. The alligator simulacrum freezes you!!
The alligator simulacrum tail-slaps you but does no damage.
The alligator simulacrum misses you. x2
You continue putting on your scarf of resistance.
The lindwurm simulacrum bites you but does no damage.
The lindwurm simulacrum claws you but does no damage.
The lindwurm simulacrum misses you. The alligator simulacrum misses you.
The alligator simulacrum tail-slaps you but does no damage.
You continue putting on your scarf of resistance.
The lindwurm simulacrum bites you! The lindwurm simulacrum freezes you!!
* * * LOW HITPOINT WARNING * * *
The lindwurm simulacrum misses you.
The lindwurm simulacrum claws you but does no damage.
The alligator simulacrum bites you but does no damage.
The alligator simulacrum tail-slaps you but does no damage.
You continue putting on your scarf of resistance.
The white very ugly thing trunk-slaps you!
* * * LOW HITPOINT WARNING * * *
The white very ugly thing freezes you!!!
Ouch! That really hurt!
You die...

### ...###
......#
.......##
........##
.8.Z..Z..#
......Z..#
$.Z..Zu@∩#
......ZZ.#
.8.......#
........##
.......##
......#
...### ###


You could see a white very ugly thing, 3 alligator simulacra, 2 dire elephant
simulacra and 2 lindwurm simulacra.

Vanquished Creatures
  A minotaur (Gauntlet)
  Snorg (Lair:4)
  A hydra (Lair:4)
  Harold (Lair:1)
  An ogre mage (D:15)
  7 vault guards
  2 catoblepae
  9 two-headed ogres
  2 centaur warriors
  A boulder beetle (D:13)
  A tengu warrior (D:13)
  5 death yaks (Lair:4)
  Urug (Lair:1)
  5 skeletal warriors (D:12)
  3 skysharks
  A goliath frog (Lair:5)
  2 deep elf pyromancers (D:12)
  3 spriggan simulacra (D:15)
  An oklob plant (D:10)
  A wolf spider (D:14)
  A salamander (Lair:3)
  12 ugly things
  3 cyclopes
  5 manticores
  8 black mambas
  13 elephants
  A guardian serpent (shapeshifter) (D:15)
  2 merfolk sirens (Lair:2)
  Joseph (D:7)
  24 cane toads
  A gargoyle (D:12)
  4 efreet
  3 rime drakes
  12 komodo dragons
  A tengu conjurer (D:13)
  4 trolls
  An anaconda simulacrum (D:15)
  A meliai (shapeshifter) (D:13)
  7 polar bears
  3 meliai (D:14)
  2 merfolk (Lair:2)
  An alligator simulacrum (D:15)
  2 tyrant leeches
  27 blink frogs
  12 slime creatures
  4 basilisks
  A yak (shapeshifter) (D:15)
  A ynoxinul (Gauntlet)
  51 yaks
  4 wyverns
  4 humans
  A steam dragon (D:8)
  5 vampire mosquitoes (Lair:5)
  A minotaur simulacrum (D:15)
  2 acid dragons
  3 nagas (Lair:3)
  4 swamp worms (Gauntlet)
  13 water moccasins
  2 ice beasts
  4 orc warriors
  A sky beast (D:8)
  A black bear (D:4)
  6 ogres
  10 centaurs
  6 wolves
  A phantom (D:5)
  3 kobold brigands
  11 bullfrogs
  4 gnoll sergeants
  2 deep troll simulacra (D:15)
  A scorpion (D:5)
  15 wights
  9 howler monkeys
  9 electric eels
  A lava snake (D:8)
  5 hounds
  3 jellies
  7 orc priests
  A sleepcap (D:6)
  2 gnoll boudas (D:8)
  Terence (D:2)
  An iguana (D:6)
  2 orc wizards
  5 hell rats (Lair:2)
  28 gnolls
  11 adders
  3 shadow imps
  An ufetubus (D:4)
  4 dart slugs
  27 orcs
  2 bats
  10 endoplasms
  6 giant cockroaches
  12 goblins
  8 hobgoblins
  2 jackals (D:3)
  19 kobolds
  6 quokkas
  11 ball pythons
  A frilled lizard (D:1)
  2 rats
560 creatures vanquished.

Vanquished Creatures (others)
  A human (D:13)
1 creature vanquished.

Grand Total: 561 creatures vanquished

Notes
Turn   | Place    | Note
-------+----------+-------------------------------------------
     0 | D:1      | porpoise the Vine Stalker Brigand began the quest for the
                  | Orb.
     0 | D:1      | Reached XP level 1. HP: 11/11 MP: 2/2
    57 | D:1      | Found Mureteti's Distillery.
    80 | D:1      | Reached skill level 5 in Stealth
    80 | D:1      | Reached XP level 2. HP: 15/15 MP: 3/3
   314 | D:1      | Reached XP level 3. HP: 18/18 MP: 4/4
  1306 | D:2      | Noticed Terence
  1316 | D:2      | Killed Terence
  1317 | D:2      | Reached XP level 4. HP: 21/23 MP: 3/5
  1560 | D:2      | Identified the +7 mace of the Endless Expanse {venom, Drain
                  | rElec Dex+2}
  2237 | D:3      | Reached XP level 5. HP: 27/27 MP: 6/6
  2664 | D:3      | Found an ornate altar of the Wu Jian Council.
  3058 | D:4      | Found the +1 cloak of Starlight {*Dazzle EV+4 Stlth--}
  3152 | D:4      | Reached XP level 6. HP: 31/32 MP: 7/7
  3583 | D:4      | Noticed a black bear
  3595 | D:4      | Killed a black bear
  3677 | D:4      | Found a shimmering altar of Xom.
  3717 | D:5      | Entered Level 5 of the Dungeon
  3762 | D:5      | Reached XP level 7. HP: 13/36 MP: 2/8
  3844 | D:5      | Reached skill level 5 in Short Blades
  3897 | D:5      | Found a stormy altar of Qazlal.
  3935 | D:5      | Noticed a yak
  3941 | D:5      | Noticed a yak
  3941 | D:5      | Noticed a yak
  3949 | D:5      | Killed a yak
  3952 | D:5      | Killed a yak
  3953 | D:5      | Gained mutation: You have razor-sharp teeth. [Vine Stalker
                  | growth]
  3953 | D:5      | Reached XP level 8. HP: 42/42 MP: 9/9
  3955 | D:5      | Noticed a yak
  3972 | D:5      | Killed a yak
  3991 | D:5      | Killed a yak
  4039 | D:5      | Reached skill level 5 in Fighting
  4834 | D:6      | Reached XP level 9. HP: 47/47 MP: 10/10
  5791 | D:7      | Found a staircase to the Ecumenical Temple.
  5869 | Temple   | Entered the Ecumenical Temple
  6001 | D:7      | Noticed Joseph
  6023 | D:7      | Killed Joseph
  6195 | D:7      | Reached skill level 10 in Stealth
  6457 | D:8      | Reached skill level 1 in Evocations
  6470 | D:8      | Reached XP level 10. HP: 53/53 MP: 11/11
  6486 | D:8      | Found a hide-covered altar of Uskayaw.
  6574 | D:8      | Became a worshipper of Uskayaw the Reveller
  6629 | D:8      | Reached * piety under Uskayaw
  6632 | D:8      | Reached ** piety under Uskayaw
  6649 | D:8      | Found a white marble altar of Elyvilon.
  6651 | D:8      | Found a shadowy altar of Dithmenos.
  6903 | D:8      | Reached skill level 1 in Invocations
  6932 | D:8      | Found Vitrifepp's Vocational Training.
  6979 | D:8      | Reached *** piety under Uskayaw
  6984 | D:8      | Reached **** piety under Uskayaw
  7187 | D:8      | Reached ***** piety under Uskayaw
  7945 | D:9      | Found a bloodstained altar of Trog.
  8231 | D:9      | Reached skill level 10 in Short Blades
  8412 | D:9      | Reached skill level 1 in Dodging
  8471 | D:10     | Entered Level 10 of the Dungeon
  8489 | D:10     | Found a staircase to the Orcish Mines.
  8528 | D:10     | Reached skill level 1 in Armour
  8867 | D:10     | Reached XP level 11. HP: 58/58 MP: 15/15
  8871 | D:10     | Noticed an oklob plant
  8885 | D:10     | Found a staircase to the Lair.
  9005 | D:10     | Identified the +7 flail of Dominance {pain, rElec Str+3
                  | Int+3}
  9436 | D:10     | Reached skill level 5 in Invocations
  9723 | D:10     | Killed an oklob plant
  9754 | Lair:1   | Entered Level 1 of the Lair of Beasts
  9977 | Lair:1   | Noticed Urug
  9985 | Lair:1   | Killed Urug
 10009 | Lair:1   | Reached skill level 5 in Armour
 10009 | Lair:1   | Reached skill level 5 in Dodging
 10104 | Lair:1   | Noticed Harold
 10115 | Lair:1   | Reached XP level 12. HP: 54/63 MP: 14/18
 10121 | Lair:1   | Killed Harold
 10213 | Lair:1   | Noticed a catoblepas
 10237 | Lair:1   | Killed a catoblepas
 11099 | Lair:2   | Reached skill level 1 in Long Blades
 11099 | Lair:2   | Reached skill level 5 in Evocations
 11358 | Lair:2   | Found a staircase to the Shoals.
 12471 | Lair:3   | Reached skill level 5 in Long Blades
 12500 | Lair:3   | Found a staircase to the Snake Pit.
 12634 | Lair:3   | Reached XP level 13. HP: 55/70 MP: 20/20
 13215 | Lair:3   | Identified a scroll of acquirement
 13216 | Lair:3   | Acquired a +6 rapier of speed
 13319 | Lair:4   | Found a runed translucent gate.
 13319 | Lair:4   | Found a runed translucent gate.
 13319 | Lair:4   | Found a runed translucent gate.
 13594 | Lair:4   | Noticed arvidsem's ghost (journeyman MiFi)
 13659 | Lair:4   | Found a viscous altar of Jiyva.
 13660 | Lair:4   | Found a staircase to the Slime Pits.
 13733 | Lair:4   | Noticed Snorg
 13767 | Lair:4   | Killed Snorg
 13771 | Lair:4   | Reached ****** piety under Uskayaw
 14703 | Lair:5   | Entered Level 5 of the Lair of Beasts
 14838 | Lair:5   | Reached XP level 14. HP: 75/75 MP: 22/22
 14891 | Lair:5   | Reached skill level 10 in Invocations
 15708 | Lair:5   | Found the +8 Wrath of Trog {antimagic, *Rage Rampage}
 16590 | D:11     | You fall into a shaft and drop 3 floors!
 16684 | D:14     | Found a gate leading to a gauntlet.
 16693 | Gauntlet | Entered a Gauntlet
 16693 | Gauntlet | Found a transporter.
 16703 | Gauntlet | Found a transporter.
 16718 | Gauntlet | Found a transporter.
 16723 | Gauntlet | Found a transporter.
 16740 | Gauntlet | Found a transporter.
 16758 | Gauntlet | Found a transporter.
 16770 | Gauntlet | Found a transporter.
 16782 | Gauntlet | Found a transporter.
 16794 | Gauntlet | Found a transporter.
 16806 | Gauntlet | Found a transporter.
 16823 | Gauntlet | Found a transporter.
 16841 | Gauntlet | Found a transporter.
 16843 | Gauntlet | Found a transporter.
 16868 | Gauntlet | Found a transporter.
 16870 | Gauntlet | Found a transporter.
 16890 | Gauntlet | Found a transporter.
 16968 | Gauntlet | Found a transporter.
 17006 | Gauntlet | Found a transporter.
 17210 | Gauntlet | Identified the +1 helmet of the Onion {rElec Int+4}
 17289 | Gauntlet | Identified the +0 pair of boots "Woiruili" {SInv}
 17520 | D:13     | Found a transporter.
 17531 | D:13     | Found a transporter.
 17532 | D:13     | Noticed Wurlitzer's ghost (journeyman DrFE)
 17832 | D:12     | Found Noqaiwku's Weapon Shoppe.
 17860 | D:12     | Upgraded the game from 0.31-a0-703-gcfe89afef6 to
                  | 0.31-a0-705-ga145531891
 19301 | D:12     | Reached XP level 15. HP: 54/79 MP: 24/24
 19907 | D:13     | Found a gate to the Vaults.
 19969 | D:13     | Reached skill level 10 in Fighting
 20541 | D:14     | Found an iron altar of Okawaru.
 21090 | D:15     | Entered Level 15 of the Dungeon
 21712 | D:15     | Found a frozen archway.
 21763 | IceCv    | Entered an ice cave
 21773 | IceCv    | HP: 1/82 [white very ugly thing (12)]
 21773 | IceCv    | Annihilated by a white very ugly thing

Illustrated notes

Levels and vault maps discovered:
D:1:      heliophobic_arrival_henge, layout_rooms, serial_shops, shop,
          minmay_tetromino_i2
D:2:      layout_basic, uniq_terence
D:3:      layout_loops_ring, pdpol_wu_jian_five_deadly_venoms
D:4:      layout_basic, marbit_many_paths, minmay_misc_feat_roman, minmay_bent
D:5:      layout_cave_pools, nicolae_qazlal_eye_of_the_storm
D:6:      layout_cave_pods
D:7:      layout_rooms, temple_green, uniq_joseph
D:8:      lemuel_ice_spiral_2, layout_basic, nicolae_uskayaw_suspiria,
          nicolae_overflow_squiral, minmay_misc_feat_encased,
          nicolae_shop_vocational
D:9:      layout_rooms, mainiacjoe_overflow_tiny_flanked,
          hangedman_decor_growths
D:10:     layout_loops_ring, dpeg_oklobed_lair, orc_0_dummy, serial_rivers,
          chequers_serial_rivers_micro_a, chequers_serial_rivers_micro_b,
          chequers_serial_rivers_small_b, chequers_serial_rivers_micro_c,
          chequers_serial_rivers_large_a
D:11:     wad_pebble_path, layout_stronghold, fountainhead
D:12:     layout_grid_maze, serial_shops, shop
D:13:     layout_roguey, ximxim_vaults_locker_room,
          gammafunk_ghost_berserking_beasts, kennysheep_donut
D:14:     layout_basic, gauntlet_entry_generic, hangedman_decor_lopped,
          okawaru_ov_weapons_minmay
D:15:     hangedman_depths_entry_civil_slaughter, layout_cave_pools,
          portal_ice_cave_entry_ice_simulacra, hangedman_aviary
Temple:   bh_familiar_temple
Lair:1:   layout_cave_pods, uniq_harold, uniq_urug
Lair:2:   layout_gridlike, elwin_shoals_entry_stream, grunt_megastairs_2
Lair:3:   layout_cave_pods, alex1729_snake_entry_snake, serial_bayou,
          serial_bayou_ford_a, serial_bayou_shore_b, serial_bayou_lake_a,
          serial_bayou_pond_c, serial_bayou_shore_b, cheibrodos_lair_lostbears
Lair:4:   layout_regular_city, slime_entry_1, gammafunk_ghost_necromancy,
          lemuel_fruit_tree, grunt_megastairs_4, uniq_snorg
Lair:5:   minmay_lair_end_frog_pond, layout_cave_pods, serial_bayou_shore_a,
          infiniplex_staircase_pool
IceCv:    ice_cave_statue_garden_transporter

Skill      XL: |  1  2  3  4  5  6  7  8  9 10 11 12 13 14 15 |
---------------+----------------------------------------------+-----
Short Blades   | 2 3 4 6 7 9 10 11 13 | 13.4
Fighting       | 2 3 4 5 6 7 9 11 | 11.0
Stealth        | 5 6 7 8 10 11 | 11.6
Evocations     | 1 3 5 |  5.0
Invocations    | 4 7 8 9 11 13 | 13.2
Dodging        | 3 5 6 7 |  7.0
Armour         | 3 5 7 |  7.0
Long Blades    | 5 6 |  6.1
Throwing       | |  1.7

Action                     |  1- 3 |  4- 6 |  7- 9 | 10-12 | 13-15 || total
---------------------------+-------+-------+-------+-------+-------++-------
  Melee: Dagger            |    82 |   197 |   350 |   871 |    39 ||  1539
         Bite              |    19 |    58 |   141 |   371 |   443 ||  1032
         Punch             |     2 |     2 |     7 |    15 |    24 ||    50
         Scimitar          |       |       |       |     1 |       ||     1
         Rapier            |       |       |       |       |  1019 ||  1019
   Fire: Sling             |       |       |     8 |     5 |       ||    13
  Throw: Dart              |     9 |    30 |    34 |     9 |    10 ||    92
         Throwing net      |       |     1 |     1 |       |       ||     2
         Javelin           |       |       |       |       |     8 ||     8
 Invoke: Line Pass         |       |       |       |     2 |       ||     2
         Stomp             |       |       |       |     2 |     1 ||     3
         Grand Finale      |       |       |       |       |     2 ||     2
  Evoke: Wand              |       |       |       |     5 |     8 ||    13
    Use: Scroll            |     3 |     5 |     8 |    12 |     6 ||    34
         Potion            |       |       |       |     3 |     2 ||     5
   Stab: Sleeping          |     4 |     7 |     2 |     6 |     2 ||    21
         Distracted        |       |     1 |       |       |       ||     1
         Invisible         |       |     3 |    14 |    29 |    54 ||   100
         Paralysed         |       |       |       |    32 |    62 ||    94
 Armour: Robe              |    19 |     1 |       |       |       ||    20
         Ring mail         |       |    65 |   109 |   150 |   277 ||   601
         Acid dragon scale |       |       |       |    28 |       ||    28
         Skin              |       |       |       |     1 |       ||     1
  Dodge: Dodged            |    49 |   130 |   232 |   381 |   558 ||  1350

Table legend: (Time is in decaauts)
 A = Elapsed time spent in this place.
 B = Non-inter-level travel time spent in this place.
 C = Inter-level travel time spent in this place.
 D = Time resting spent in this place.
 E = Time spent auto-exploring this place.
 F = Levels seen in this place.
 G = Mean time per level.
                   A        B        C        D        E       F      G
               +--------+--------+--------+--------+--------+-----+--------+
         Total |  20449 |  19241 |   1208 |   3245 |  11819 |  23 |  889.1 |
       Dungeon |  13770 |  13110 |    660 |   2541 |   7970 |  15 |  918.0 |
        Temple |      1 |      0 |      1 |      0 |      0 |   1 |    1.0 |
          Lair |   6076 |   5529 |    547 |    690 |   3555 |   5 | 1215.2 |
      Ice Cave |      9 |      9 |      0 |      0 |      0 |   1 |    9.0 |
      Gauntlet |    590 |    590 |      0 |     13 |    294 |   1 |  590.0 |
               +--------+--------+--------+--------+--------+-----+--------+

Top non-repeatable levels by time:
  Lair:3: 1364 daAuts
  Lair:5: 1357 daAuts
     D:8: 1325 daAuts
  Lair:1: 1275 daAuts
    D:14: 1247 daAuts
    D:10: 1212 daAuts
  Lair:4: 1152 daAuts
     D:3: 1128 daAuts
    D:12: 1082 daAuts
     D:2: 1079 daAuts
     D:6: 1066 daAuts
    D:11: 940 daAuts
  Lair:2: 925 daAuts
    D:13: 865 daAuts
     D:5: 828 daAuts
